 Dungeon Crawl Stone Soup version 0.23.0-3-gf3c87f2 (webtiles) character file.

Game seed: 205568720215743177

8680 Jatast the Brawler (level 11, -4/95 HPs)
             Began as a Ghoul Monk on Feb 21, 2019.
             Was a Priest of Wu Jian.
             Slain by a hell rat (11 damage)
             ... on level 7 of the Dungeon.
             The game lasted 00:17:51 (8149 turns).

Jatast the Brawler (Ghoul Monk)                     Turns: 8149, Time: 00:17:52

Health: -4/95      AC:  7    Str: 22    XL:     11   Next: 34%
Magic:  10/10      EV: 12    Int:  5    God:    Wu Jian [***...]
Gold:   279        SH:  7    Dex: 11    Spells: 10/10 levels left

rFire    + . .     SeeInvis .     - Unarmed
rCold    + + +     Gourm    .   n - +2 buckler
rNeg     + + +     Faith    .   a - +2 ring mail {rC+}
rPois    ∞         Spirit   .   (no helmet)
rElec    +         Reflect  .   (no cloak)
rCorr    +         Harm     .   (no gloves)
MR       .....                  (no boots)
Stlth    ++........             (no amulet)
HPRegen  0.00/turn              k - +3 ring of strength
MPRegen  0.12/turn              l - ring of stealth

@: resistant, rotting, slowed, very slow
A: rotting body, claws 1, carnivore, cold resistance 1, negative energy
resistance 3, inhibited regeneration, torment resistance, unbreathing
a: Wall Jump, Serpent's Lash, Renounce Religion


You were on level 7 of the Dungeon.
You worshipped Wu Jian.
Wu Jian was most pleased with you.
You were not hungry.

You visited 2 branches of the dungeon, and saw 9 of its levels.

You collected 279 gold pieces.

Inventory:

Hand Weapons
 w - a +0 war axe
Armour
 a - a +2 ring mail of cold resistance (worn)
 d - a +0 shield
 n - a +2 buckler (worn)
Jewellery
 k - a +3 ring of strength (left claw)
 l - a ring of stealth (right claw)
 v - an uncursed ring of ice
Wands
 g - a wand of acid (11)
 j - a wand of scattershot (6)
 p - a wand of iceblast (7)
Scrolls
 c - 2 scrolls of enchant weapon
 f - 7 scrolls of remove curse
 s - a scroll of amnesia
 t - a scroll of identify
Potions
 e - a potion of curing
 i - 3 potions of flight
 m - a potion of might {unknown}
 o - a potion of experience
 q - 2 potions of haste
 r - 2 potions of magic
 u - 2 potions of resistance
Comestibles
 b - 19 rations
 h - 12 chunks of flesh


   Skills:
 + Level 8.7 Fighting
 - Level 2.8 Dodging
 - Level 2.3 Stealth
 + Level 6.6 Shields
 * Level 15.1 Unarmed Combat


You had 10 spell levels left.
You didn't know any spells.
Your spell library contained the following spells:

 Spells                   Type           Power        Failure   Level  Hunger
 Magic Dart               Conj           #...         65%         1    ##.....
 Blink                    Tloc           N/A          78%         2    ###....
 Call Imp                 Summ           #.......     78%         2    ###....
 Slow                     Hex            #.......     78%         2    ###....
 Conjure Flame            Conj/Fire      #.......     95%         3    ####...
 Mephitic Cloud           Conj/Pois/Air  #.......     95%         3    ####...


Dungeon Overview and Level Annotations

Branches:
Dungeon (8/15)             Temple (1/1) D:6
   Lair: D:8-11

Altars:
Ashenzari
Cheibriados
Dithmenos
Fedhas
Gozag
Hepliaklqana
Kikubaaqudgha
Makhleb
Nemelex Xobeh
Okawaru
Ru
Sif Muna
Trog
Uskayaw
Vehumet
Wu Jian
Xom
Yredelemnul
Zin
The Shining One

Shops:
D:4 %   D:7 }

Annotations:
D:3 3 runed translucent doors, Ancalimex's ghost, amateur DEEE
D:7 Erica


Innate Abilities, Weirdness & Mutations

Your body is rotting away.
You thrive on raw meat.
You are immune to poison.
You have sharp fingernails.
You are carnivorous and can eat meat at any time.
Your flesh is cold resistant. (rC+)
You are immune to negative energy. (rN+++)
You do not regenerate when monsters are visible.
You are immune to unholy pain and torment.
You can survive without breathing.


Message History

The hell rat misses you. Erica misses you. The hell rat bites you.
* * * LOW HITPOINT WARNING * * *
It was a potion of ambrosia.
You are more confused.
You feel invigorated. Erica hits you but does no damage.
The hell rat bites you but does no damage.
You're too confused to move!
You feel less invigorated. The hell rat bites you!
* * * LOW HITPOINT WARNING * * *
Erica hits you with a +1 scimitar of flaming.
* * * LOW HITPOINT WARNING * * *
Erica burns you.
* * * LOW HITPOINT WARNING * * *
The hell rat barely misses you.
Erica screams, "Coming here was suicide!
For you!" Erica closely misses you.
Okay, then.
You feel better. The hell rat bites you.
* * * LOW HITPOINT WARNING * * *
You block Erica's attack. The hell rat bites you!
You die...

#####<.....#
##...#.#########.##.
...........#
#................##.
.......##.##
#...)............###
.......##.# #...[............#
..........# #....[...........#
.....!....# #..).............#
..........# #................#
..........######..#.#########.#
...............@@.............#
.........######.r.#.###########
.........# #...#.# .........#
#####.# .........# #.#
.........# ### .........#
.........# .........#


You could see Erica and a hell rat.

Vanquished Creatures
  Psyche (D:8)
  Prince Ribbit (D:5)
  Sigmund (D:2)
  Eustachio (D:4)
  Edmund (D:5)
  A porcupine (D:8)
  A sky beast (D:5)
  2 orc warriors
  3 ice beasts
  A centaur (D:7)
  4 ogres
  3 bullfrogs
  3 scorpions
  17 wights
  6 killer bees
  A howler monkey (D:4)
  4 crimson imps
  A centaur zombie (D:6)
  4 orc priests
  3 jellies
  4 orc wizards
  A bullfrog skeleton (D:5)
  Ijyb (D:5)
  An iguana (D:6)
  2 hell rats (D:8)
  3 worker ants
  3 hound skeletons (D:4)
  A worker ant zombie (D:5)
  5 gnolls
  7 adders
  2 river rats (D:8)
  3 shadow imps
  3 oozes
  An adder zombie (D:6)
  2 worms
  3 dart slugs
  5 leopard geckos
  41 orcs
  6 goblins
  6 hobgoblins
  10 jackals
  3 quokkas
  2 ball pythons
  A ball python skeleton (D:5)
  2 bats (D:1)
  A frilled lizard (D:1)
  6 giant cockroaches
  9 kobolds
  A leopard gecko skeleton (D:5)
  A quokka skeleton (D:6)
  5 rats
200 creatures vanquished.

Vanquished Creatures (others)
  An orc (D:8)
  3 fungi (D:3)
4 creatures vanquished.

Grand Total: 204 creatures vanquished

Notes
Turn   | Place    | Note
-------+----------+-------------------------------------------
     0 | D:1      | Jatast the Ghoul Monk began the quest for the Orb.
     0 | D:1      | Reached XP level 1. HP: 19/19 MP: 0/0
   304 | D:1      | Reached XP level 2. HP: 26/26 MP: 1/1
   408 | D:1      | HP: 1/26 [gnoll (5)]
   623 | D:1      | Reached XP level 3. HP: 30/30 MP: 2/2
   866 | D:2      | Reached skill level 4 in Unarmed Combat
   877 | D:2      | Reached skill level 1 in Shields
  1008 | D:2      | Noticed Sigmund
  1143 | D:2      | Reached XP level 4. HP: 32/40 MP: 3/3
  1221 | D:2      | Found a faded altar of an unknown god.
  1382 | D:2      | Reached XP level 5. HP: 23/46 MP: 4/4
  1401 | D:2      | Reached skill level 5 in Unarmed Combat
  1927 | D:3      | Reached XP level 6. HP: 53/53 MP: 5/5
  2022 | D:3      | Found a runed translucent gate.
  2023 | D:3      | Found a runed translucent gate.
  2023 | D:3      | Noticed Ancalimex's ghost (amateur DEEE)
  2030 | D:3      | Found a runed translucent gate.
  2503 | D:3      | Found a sparkling altar of Nemelex Xobeh.
  2503 | D:3      | Found an opulent altar of Gozag.
  2673 | D:4      | Found a sacrificial altar of Ru.
  2701 | D:4      | Reached skill level 6 in Unarmed Combat
  2764 | D:4      | Noticed Eustachio
  2892 | D:4      | Killed Eustachio
  2892 | D:4      | Reached skill level 5 in Fighting
  2892 | D:4      | Reached XP level 7. HP: 24/61 MP: 6/6
  3064 | D:4      | Found Kisiar's Food Shop.
  3277 | D:4      | Found a sacrificial altar of Ru.
  3424 | D:4      | Found a radiant altar of Vehumet.
  3425 | D:4      | Found a burning altar of Makhleb.
  3466 | D:5      | Entered Level 5 of the Dungeon
  3476 | D:5      | Reached skill level 7 in Unarmed Combat
  3704 | D:5      | Reached XP level 8. HP: 70/70 MP: 7/7
  3730 | D:5      | Found a shattered altar of Ashenzari.
  3883 | D:5      | Noticed Ijyb
  3896 | D:5      | Killed Ijyb
  4055 | D:5      | Reached skill level 8 in Unarmed Combat
  4096 | D:5      | Noticed Prince Ribbit
  4114 | D:5      | Killed Prince Ribbit
  4285 | D:5      | Noticed Edmund
  4311 | D:5      | Killed Edmund
  4929 | D:6      | Reached skill level 9 in Unarmed Combat
  5249 | D:6      | Reached XP level 9. HP: 67/77 MP: 8/8
  5287 | D:6      | Reached skill level 5 in Shields
  5523 | D:6      | Found a staircase to the Ecumenical Temple.
  5539 | Temple   | Entered the Ecumenical Temple
  5625 | Temple   | Became a worshipper of the Wu Jian Council
  5625 | Temple   | Reached * piety under Wu Jian
  5625 | Temple   | Reached ** piety under Wu Jian
  5893 | D:2      | Killed Sigmund
  5893 | D:2      | Reached skill level 10 in Unarmed Combat
  5989 | D:6      | Found a bloodstained altar of Trog.
  6970 | D:7      | Found Yzui's Gadget Shop.
  7380 | D:7      | Reached skill level 11 in Unarmed Combat
  7380 | D:7      | Reached XP level 10. HP: 67/88 MP: 9/9
  7801 | D:8      | Noticed a death yak
  7881 | D:8      | Noticed Erica
  7929 | D:8      | Noticed Psyche
  7933 | D:8      | Killed Psyche
  7950 | D:8      | Reached *** piety under Wu Jian
  8119 | D:8      | Noticed a death yak
  8122 | D:8      | Noticed a death yak
  8146 | D:7      | Reached skill level 15 in Unarmed Combat
  8146 | D:7      | Reached XP level 11. HP: 12/95 MP: 10/10
  8148 | D:7      | HP: 2/95 [Erica/+1 scimitar of flaming (3)]
  8149 | D:7      | Slain by a hell rat

Skill      XL: |  1  2  3  4  5  6  7  8  9 10 |
---------------+-------------------------------+-----
Unarmed Combat | 4 5 6 7 9 11 15 | 15.1
Shields        | 1 2 3 4 6 |  6.6
Fighting       | 4 5 6 8 |  8.7
Dodging        | |  2.8
Stealth        | |  2.3

Action                   |  1- 3 |  4- 6 |  7- 9 | 10-12 || total
-------------------------+-------+-------+-------+-------++-------
Melee: Unarmed           |   103 |   273 |   381 |    69 ||   826
Invok: Whirlwind         |       |       |    28 |     9 ||    37
       Lunge             |       |       |    19 |    12 ||    31
Evoke: Wand              |       |       |     2 |       ||     2
  Use: Scroll            |       |       |    12 |     3 ||    15
       Potion            |       |       |       |     6 ||     6
 Stab: Distracted        |     1 |       |     2 |       ||     3
       Sleeping          |       |       |     8 |     1 ||     9
  Eat: Chunk             |     6 |    24 |    25 |     2 ||    57
Armor: Ring mail         |    23 |   108 |    69 |     6 ||   206
Dodge: Dodged            |    31 |   116 |   105 |    26 ||   278
Block: Shield            |    30 |   134 |    80 |       ||   244
       Buckler           |       |       |    37 |    10 ||    47
